 Dungeon Crawl Stone Soup version 0.30-a0-12-gd8047c6341 (webtiles) character file.

Game seed: 14392867164767278372

24 Newt the Ducker (level 2, -1/22 HPs)
             Began as a Demonspawn Gladiator on Aug 23, 2022.
             Frozen to death by an endoplasm (3 damage)
             ... on level 2 of the Dungeon.
             The game lasted 00:01:38 (1632 turns).

Newt the Ducker (Demonspawn Gladiator)              Turns: 1632, Time: 00:01:38

Health: -1/22      AC:  4    Str: 14    XL:     2   Next: 79%
Magic:  2/2        EV:  8    Int:  9    God:
Gold:   34         SH: 17    Dex: 14    Spells: 1/1 levels left

rFire   . . .      SeeInvis .    a - +0 rapier
rCold   . . .      Faith    .    i - +2 tower shield
rNeg    . . .      Spirit   .    b - +0 leather armour
rPois   .          Reflect  .    c - +0 helmet
rElec   .          Harm     .    (no cloak)
rCorr   .          Rampage  .    (no gloves)
Will    .....                    (no boots)
Stlth   ++........               (no amulet)
HPRegen 0.07/turn                (no ring)
MPRegen 0.08/turn                (no ring)

@: lethally poisoned (-1 -> -3)
A: condensation shield
a: no special abilities


You were on level 2 of the Dungeon.
You visited 1 branch of the dungeon, and saw 2 of its levels.

You collected 34 gold pieces.

Inventory:

Hand Weapons
 a - a +0 rapier (weapon)
Missiles
 d - 3 throwing nets (quivered)
 e - 7 javelins
Armour
 b - a +0 leather armour (worn)
 c - a +0 helmet (worn)
 i - a +2 tower shield (worn)
Scrolls
 h - a scroll of vulnerability {unknown}
Potions
 g - a potion of flight {unknown}
 j - a potion of cancellation {unknown}


   Skills:
 - Level 2.0 Fighting
 - Level 2.6 Short Blades
 - Level 1.7 Throwing
 - Level 2.6 Dodging
 - Level 2.0 Stealth
 + Level 1.2 Shields


You had one spell level left.
You didn't know any spells.
Your spell library contained the following spells:

 Spells                   Type           Power      Damage    Failure   Level
 Ensorcelled Hibernation  Hex/Ice        0%         N/A       100%        2
 Spider Form              Tmut/Pois      0%         N/A       100%        3
 Anguish                  Hex/Necr       0%         N/A       100%        4


Dungeon Overview and Level Annotations

Branches:
Dungeon (2/15)

Altars:


Innate Abilities, Weirdness & Mutations

A meltable shield of frost defends you. (SH +4)


Message History

Magic scrolls do not work when you're silenced!
You start resting.
Your hearing returns.
You start resting.
HP restored.
An adder comes into view.
Found a scroll labelled QUCUMI ETEX.
Found a stone staircase leading down.
Found a bubbling amethyst potion.
An endoplasm comes into view.
Found an escape hatch in the ceiling.
The endoplasm quivers.
The helpless adder fails to defend itself.
You hit the adder.
The adder is heavily wounded.
You block the adder's attack. x2; The adder barely misses you.
You hit the adder but do no damage.
The adder is heavily wounded.
You block the adder's attack. x2
You miss the adder.
The adder is heavily wounded.
The endoplasm hits you. The adder bites you but does no damage.
The endoplasm freezes you.
You are frozen.
The adder bites you.
You are poisoned.
The adder poisons you!
You hit the adder.
The adder is heavily wounded.
You feel sick. You block the adder's attack. The endoplasm freezes you.
You are frozen.
You hit the adder but do no damage.
The adder is heavily wounded.
You feel sick. You block the adder's attack. The endoplasm freezes you.
You are frozen.
* * * LOW HITPOINT WARNING * * *
You block the adder's attack. The endoplasm freezes you.
You are frozen.
You die...

#########
#...!...#
#.......# #
#.....^.# .#
#.......# ?#
###...S...###.#
.......@..+..>#
###....J..#...#
#####.....#####
........[....#
###..#######.#
#.## #.# #< #.#
.. #.# .# #.#


You could see an adder and an endoplasm.

Vanquished Creatures
  An adder (D:2)
  3 endoplasms (D:1)
  A goblin (D:1)
  4 hobgoblins (D:1)
  A quokka (D:1)
  2 kobolds (D:1)
  2 rats (D:1)
14 creatures vanquished.

Notes
Turn   | Place    | Note
-------+----------+-------------------------------------------
     0 | D:1      | Newt the Demonspawn Gladiator began the quest for the Orb.
     0 | D:1      | Reached XP level 1. HP: 16/16 MP: 1/1
   562 | D:1      | Reached skill level 1 in Stealth
   920 | D:1      | Gained mutation: A meltable shield of frost defends you.
                  | (SH +4) [demonic ancestry]
   920 | D:1      | Reached XP level 2. HP: 16/22 MP: 2/2
  1452 | D:2      | Reached skill level 1 in Shields
  1632 | D:2      | Frozen to death by an endoplasm

Illustrated notes

Levels and vault maps discovered:
D:1:      matt_arrival_los_fun, layout_loops_cross, minmay_misc_feat_alley,
          minmay_tree_intersection, kennysheep_minor_cross
D:2:      layout_basic, basic_altar

Skill      XL: |  1  2 |
---------------+-------+-----
Stealth        | 1 2 |  2.0
Shields        | 1 |  1.2
Fighting       | |  2.0
Short Blades   | |  2.6
Throwing       | |  1.7
Dodging        | |  2.6

Action                   || total
-------------------------++-------
Melee: Rapier            ||    65
  Use: Scroll            ||     1
 Stab: Sleeping          ||     2
Armor: Leather armour    ||    18
Dodge: Dodged            ||    15
Block: Tower shield      ||    43

Table legend: (Time is in decaauts)
 A = Elapsed time spent in this place.
 B = Non-inter-level travel time spent in this place.
 C = Inter-level travel time spent in this place.
 D = Time resting spent in this place.
 E = Time spent auto-exploring this place.
 F = Levels seen in this place.
 G = Mean time per level.
                   A        B        C        D        E       F      G
               +--------+--------+--------+--------+--------+-----+--------+
         Total |   1656 |   1620 |     36 |    247 |   1158 |   2 |  828.0 |
       Dungeon |   1656 |   1620 |     36 |    247 |   1158 |   2 |  828.0 |
               +--------+--------+--------+--------+--------+-----+--------+

Top non-repeatable levels by time:
     D:1: 1422 daAuts
     D:2: 233 daAuts
